 Dungeon Crawl Stone Soup version 0.29-a0-653-gd47aff6735 (webtiles) character file.

Game seed: 2115655990579277949

596 ZappyNine the Insei (level 7, 0/52 HPs)
             Began as a Barachi Transmuter on June 21, 2022.
             Splashed by a jelly's acid (9 damage)
             ... on level 5 of the Dungeon on June 22, 2022.
             The game lasted 00:06:39 (5519 turns).

ZappyNine the Insei (Barachi Transmuter)            Turns: 5519, Time: 00:06:40

Health: 0/52       AC: -2    Str: 13    XL:     7   Next: 40%
Magic:  11/13      EV: 13    Int: 13    God:
Gold:   308        SH:  0    Dex: 13    Spells: 8/14 levels left

rFire   . . .      SeeInvis .     - Unarmed
rCold   . . .      Faith    .   (no shield)
rNeg    . . .      Spirit   .   a - +0 robe
rPois   .          Reflect  .   (helmet currently unavailable)
rElec   .          Harm     .   (no cloak)
rCorr   .          Rampage  .   (no gloves)
Will    .....                   (boots currently unavailable)
Stlth   +.........              (no amulet)
HPRegen 0.17/turn               (no ring)
MPRegen 0.13/turn               (no ring)

@: lethally poisoned (0 -> -3), appendages (expiring), wereblooded, corroded,
slow
A: horns 2, talons 2, amphibious, slowness 1, strong legs 1, +LOS
a: Hop, End Transformation


You were on level 5 of the Dungeon.
You had temporarily grown beastly horns and talons.
You visited 1 branch of the dungeon, and saw 5 of its levels.

You collected 308 gold pieces.

Inventory:

Armour
 a - a +0 robe (worn)
 h - a +0 pair of boots (melded)
Jewellery
 i - a +4 ring of protection
 o - an amulet of magic regeneration
Scrolls
 c - 4 scrolls of identify {unknown}
 d - a scroll of blinking {unknown}
 e - 3 scrolls of teleportation {unknown}
 f - 3 scrolls of poison {unknown}
 k - 2 scrolls of fog {unknown}
 n - a scroll of amnesia {unknown}
 q - 4 scrolls of enchant weapon {unknown}
Potions
 b - a potion of lignification
 g - 2 potions of berserk rage
 j - 2 potions of brilliance {unknown}
 l - a potion of haste {unknown}
 m - 2 potions of attraction {unknown}
 p - a potion of heal wounds {unknown}
 r - a potion of cancellation {unknown}
 s - a potion of invisibility {unknown}


   Skills:
 + Level 3.4 Fighting
 + Level 4.4 Dodging
 + Level 5.0 Unarmed Combat
 + Level 4.2 Spellcasting
 - Level 2.9 Transmutations
 - Level 3.0 Poison Magic


You had 8 spell levels left.
You knew the following spells:

 Your Spells              Type           Power      Damage    Failure   Level
a - Beastly Appendage     Tmut           20%        N/A       6%          1
b - Wereblood             Tmut           10%        N/A       9%          2
c - Spider Form           Tmut/Pois      10%        N/A       17%         3

Your spell library contained the following spells:

 Spells                   Type           Power      Damage    Failure   Level
 Blink                    Tloc           4%         N/A       30%         2
 Ice Form                 Ice/Tmut       6%         N/A       73%         4
 Fulminant Prism          Conj/Hex       1%         3d6       90%         4
 Iskenderun's Mystic Bla  Conj/Tloc      2%         2d3       90%         4
 Lee's Rapid Deconstruct  Erth           1%         3d5*      99%         5
 Manifold Assault         Tloc           2%         N/A       99%         5
 Storm Form               Tmut/Air       3%         N/A       100%        7


Dungeon Overview and Level Annotations

Branches:
Dungeon (5/15)
 Temple: D:4-7

Altars:
Dithmenos
Yredelemnul
The Shining One

Shops:
D:2 (


Innate Abilities, Weirdness & Mutations

You have temporarily grown beastly horns and talons.
You are amphibious.
You cover ground slowly.
You can hop short distances.
You have an extended range of vision and can be seen from far away.


Message History

You are splashed with acid.
You hit the jelly.
Your hands burn!
The jelly is lightly wounded.
The jelly attacks as you move away! The jelly closely misses you.
Your transformation is almost over.
The adder hisses angrily.
The orc misses you. The jelly hits you but does no damage.
The orc attacks as you move away!
The orc hits you with a +1 short sword of holy wrath.
The jelly attacks as you move away! The jelly closely misses you.
The adder misses you. The orc hits you with a +0 mace.
The adder closely misses you.
Casting: Beastly Appendage (safe; 6% risk of failure)
Confirm with . or Enter, or press ? or * to list all spells.
Your blood is infused with primal strength.
The adder closely misses you. The orc barely misses you.
The orc hits you with a +0 mace. The orc barely misses you.
Unknown command.
You hit the adder. Your kick misses the adder.
The adder is heavily wounded.
The adder bites you.
You are poisoned.
The adder poisons you! The jelly completely misses you.
The orc hits you but does no damage. The orc barely misses you. x2
You hit the adder but do no damage. Your kick misses the adder.
The adder is heavily wounded.
You feel sick. The adder misses you. The jelly hits you. The acid corrodes you!
You are splashed with acid!
The orc hits you with a +1 short sword of holy wrath.
The orc hits you with a +0 mace.
* * * LOW HITPOINT WARNING * * *
The orc barely misses you. The adder bites you.
* * * LOW HITPOINT WARNING * * *
Unknown command.
You miss the adder.
The adder is moderately wounded.
You feel sick. The jelly hits you.
* * * LOW HITPOINT WARNING * * *
You are splashed with acid!
You die...

...... #.# ....#
.... #.# ....#
...###.##....#
###...........
#..........# ##
#..........+ ..
#...soo....#.####
###.ooJ..#..)...#
###@#.....>...#
#S##.#.#.####
#.#.<# # #.#..#
#.#... #.#....
#.##....
#.##.....
#.##......


You could see a scorpion, a jelly, an orc priest, an adder and 3 orcs.

Vanquished Creatures
  Grinder (D:4)
  A black bear (D:4)
  2 scorpions (D:4)
  An orc priest (D:4)
  2 orc wizards (D:4)
  4 adders
  A worm (D:2)
  A dart slug (D:1)
  7 orcs
  3 ball pythons
  4 bats
  9 endoplasms
  2 giant cockroaches (D:1)
  7 goblins
  5 hobgoblins
  7 jackals
  2 quokkas
  5 kobolds
  9 rats
73 creatures vanquished.

Notes
Turn   | Place    | Note
-------+----------+-------------------------------------------
     0 | D:1      | ZappyNine the Barachi Transmuter began the quest for the
                  | Orb.
     0 | D:1      | Reached XP level 1. HP: 15/15 MP: 3/3
   388 | D:1      | Reached XP level 2. HP: 21/21 MP: 3/5
   418 | D:1      | Learned a level 2 spell: Wereblood
  1124 | D:1      | Reached skill level 4 in Unarmed Combat
  1124 | D:1      | Reached XP level 3. HP: 21/27 MP: 6/6
  1827 | D:2      | Reached XP level 4. HP: 32/34 MP: 7/7
  1977 | D:2      | Found Litwiy's Weapon Shop.
  2546 | D:3      | Learned a level 3 spell: Spider Form
  2671 | D:3      | Found a glowing golden altar of the Shining One.
  2671 | D:3      | Found a shadowy altar of Dithmenos.
  2672 | D:3      | Found a basalt altar of Yredelemnul.
  3705 | D:4      | Noticed a black bear
  3715 | D:4      | Killed a black bear
  3716 | D:4      | Reached XP level 5. HP: 17/39 MP: 1/9
  4147 | D:4      | Reached XP level 6. HP: 44/46 MP: 4/11
  4936 | D:4      | Noticed Grinder
  4963 | D:4      | HP: 1/46 [Grinder (5)]
  4964 | D:4      | Paralysed by Grinder for 2 turns
  4971 | D:4      | Killed Grinder
  4972 | D:4      | Reached skill level 5 in Unarmed Combat
  4972 | D:4      | Reached XP level 7. HP: 4/52 MP: 8/13
  5505 | D:5      | Entered Level 5 of the Dungeon
  5519 | D:5      | Splashed by a jelly's acid

Illustrated notes

Levels and vault maps discovered:
D:1:      saegor_arrival_simple_c, layout_loops_ring,
          dreamdust_mushroom_princess, minmay_misc_feat_columns,
          minmay_misc_feat_roman
D:2:      layout_loops_ring, serial_shops, nicolae_shop_bloodbath_and_beyond
D:3:      layout_basic, chequers_temple_overflow_statue_of_worship
D:4:      layout_basic, minmay_ruptured, uniq_grinder
D:5:      layout_basic, serial_shops, shop

Skill      XL: |  1  2  3  4  5  6 |
---------------+-------------------+-----
Fighting       | 2 3 |  3.4
Unarmed Combat | 4 5 |  5.0
Dodging        | 3 4 |  4.4
Spellcasting   | 3 4 |  4.2
Poison Magic   | 2 3 |  3.0
Transmutations | |  2.9

Action                   |  1- 3 |  4- 6 |  7- 9 || total
-------------------------+-------+-------+-------++-------
Melee: Unarmed           |    99 |   159 |     4 ||   262
       Kick              |     5 |     9 |       ||    14
       Headbutt          |     7 |     5 |       ||    12
       Punch             |     2 |     4 |       ||     6
 Cast: Beastly Appendage |    12 |    15 |     1 ||    28
       Spider Form       |       |     4 |       ||     4
       Wereblood         |       |     3 |     1 ||     4
  Use: Potion            |       |     1 |       ||     1
 Stab: Distracted        |       |     1 |       ||     1
       Sleeping          |       |     1 |       ||     1
Armor: Robe              |    27 |    27 |     2 ||    56
       Skin              |       |     1 |       ||     1
Dodge: Dodged            |    63 |   118 |    15 ||   196

Table legend: (Time is in decaauts)
 A = Elapsed time spent in this place.
 B = Non-inter-level travel time spent in this place.
 C = Inter-level travel time spent in this place.
 D = Time resting spent in this place.
 E = Time spent auto-exploring this place.
 F = Levels seen in this place.
 G = Mean time per level.
                   A        B        C        D        E       F      G
               +--------+--------+--------+--------+--------+-----+--------+
         Total |   6017 |   5918 |     99 |    778 |   4414 |   5 | 1203.4 |
       Dungeon |   6017 |   5918 |     99 |    778 |   4414 |   5 | 1203.4 |
               +--------+--------+--------+--------+--------+-----+--------+

Top non-repeatable levels by time:
     D:4: 2223 daAuts
     D:1: 1711 daAuts
     D:2: 1043 daAuts
     D:3: 1023 daAuts
     D:5: 15 daAuts
